Punishers vs Sound Tigers
Created - May 7, 2022 at 20:53
Goals
|
| Punishers |
2 |
1 |
0 |
3 |
| Sound Tigers |
1 |
0 |
4 |
5 |
|
Shots
|
| Punishers |
10 |
15 |
9 |
34 |
| Sound Tigers |
18 |
10 |
14 |
42 |
|
1st period
1. Punishers , Carter Ashton 23 (Radek Faksa 41) at 2:51
2. Sound Tigers , Borna Rendulic 26 (Alex Tuch 31, Ryan Hartman 42) at 7:07 (PP)
3. Punishers , Tyler Bertuzzi 36 (Carter Ashton 22, Radek Faksa 42) at 9:23
Penalties :
John Quenneville (Pro) for Slashing (Minor) at 7:04, Fredrik Claesson (Pro) for Hooking (Minor) at 14:50
2nd period
4. Punishers , Tyler Bertuzzi 37 (Artem Zub 27) at 3:47 (PP)
Penalties :
Borna Rendulic (BRI) for Hooking (Minor) at 3:34
3rd period
5. Sound Tigers , James Sheppard 33 (Slater Koekkoek 21) at 2:26
6. Sound Tigers , Julian Melchiori 6 (James Livingstone 19, Garret Ross 23) at 5:18
7. Sound Tigers , Pavel Kraskovsky 14 (Ben Thomson 14, Joe Labate 20) at 11:17
8. Sound Tigers , Ryan Hartman 35 (Borna Rendulic 40) at 12:50
Penalties :
Carter Ashton (Pro) for Holding (Minor) at 2:46, Dylan McIlrath (BRI) for Holding (Minor) at 7:10
Goalie Stats
Louis Domingue (Pro), 37 saves from 42 shots - (0.881), L, 25-20-4, 60:00 minutes
Sean Maguire (BRI), 31 saves from 34 shots - (0.912), W, 3-3-1, 60:00 minutes
Players Stats for Punishers
Player Name G A P +/- PIM S H SB GA TA FO MP PP MP PK MP
------------------------------------------------------------------------------------
Alex Schoenborn 0 0 0 0 0 0 1 0 0 0 0/0 7:29 0:00 0:00
Alexander Nylander 0 0 0 0 0 0 0 0 0 0 0/0 0:00 0:00 0:00
Anton Blidh 0 0 0 0 0 0 0 0 0 0 0/0 7:57 0:00 0:28
Artem Zub 0 1 1 -1 0 2 3 0 1 4 0/0 28:11 1:28 2:36
Austen Brassard 0 0 0 -3 0 1 4 0 0 0 0/0 16:38 1:05 0:00
Austin Wagner 0 0 0 0 0 0 0 0 0 0 0/0 0:00 0:00 0:00
Beck Malenstyn 0 0 0 0 0 0 0 0 0 0 0/0 0:46 0:00 0:46
Ben Betker 0 0 0 -1 0 4 1 2 0 1 0/0 28:11 1:28 2:36
Carter Ashton 1 1 2 1 2 7 1 0 0 2 2/3 21:07 1:07 0:36
Chrstian Dvorak 0 0 0 -3 0 1 1 1 0 0 1/1 18:01 1:05 1:04
Connor Clifton 0 0 0 -2 0 1 0 0 0 1 0/0 12:01 0:00 0:00
Daniel Audette 0 0 0 0 0 0 0 1 0 0 2/7 11:42 0:00 0:15
Fredrik Claesson 0 0 0 1 2 0 3 2 0 0 0/0 19:06 0:44 0:44
Gabriel Gagne 0 0 0 0 0 0 0 0 0 0 0/0 0:00 0:00 0:00
John Quenneville 0 0 0 -3 2 3 2 0 0 0 5/15 16:37 1:05 0:00
Michael Joly 0 0 0 0 0 0 1 2 0 0 0/0 11:20 0:00 0:00
Nicolas Roy 0 0 0 0 0 0 0 0 0 0 1/5 7:29 0:00 0:00
Nikita Gusev 0 0 0 0 0 1 0 0 1 0 0/0 11:20 0:00 0:00
Niko Mikkola 0 0 0 -2 0 0 0 0 0 0 0/0 13:01 0:00 0:41
Noah Juulsen 0 0 0 1 0 0 0 0 0 0 0/0 19:48 0:44 1:25
Radek Faksa 0 2 2 1 0 5 2 1 2 0 16/33 22:42 1:07 2:29
Tyler Bertuzzi 2 0 2 1 0 9 4 1 0 0 1/4 22:30 1:07 2:24
Players Stats for Sound Tigers
Player Name G A P +/- PIM S H SB GA TA FO MP PP MP PK MP
------------------------------------------------------------------------------------
Alex Tuch 0 1 1 -1 0 3 1 0 1 0 2/3 21:50 2:15 1:20
Alexander Yelesin 0 0 0 0 0 0 1 0 0 1 0/0 14:21 0:00 1:31
Ben Thomson 0 1 1 1 0 0 1 0 0 0 0/0 9:43 0:00 0:39
Borna Rendulic 1 1 2 -1 2 5 2 1 2 0 4/4 20:29 2:15 0:00
Christian Fischer 0 0 0 1 0 0 1 0 0 0 1/1 16:00 1:46 0:00
Connor Murphy 0 0 0 -1 0 5 2 0 1 0 0/0 27:00 2:23 1:44
Dylan McIlrath 0 0 0 -1 2 2 1 2 1 0 0/0 25:43 2:23 0:13
Gabriel Carlsson 0 0 0 0 0 0 0 1 0 0 0/0 12:50 0:00 0:00
Garret Ross 0 1 1 1 0 5 0 0 0 0 0/0 13:07 0:00 0:33
James Livingstone 0 1 1 1 0 5 0 0 2 0 1/1 12:34 0:00 0:00
James Sheppard 1 0 1 1 0 2 1 2 0 1 0/0 15:55 1:46 0:15
Joe Labate 0 1 1 1 0 2 2 0 0 1 5/9 16:14 1:46 0:19
Julian Melchiori 1 0 1 3 0 3 0 1 1 0 0/0 20:10 1:38 0:28
Pavel Kraskovsky 1 0 1 1 0 1 0 0 0 0 4/6 8:29 0:00 0:00
Rhett Gardner 0 0 0 0 0 0 0 0 0 0 0/0 0:20 0:00 0:00
Ross Colton 0 0 0 0 0 0 0 0 0 0 0/0 0:00 0:00 0:00
Ryan Bourque 0 0 0 1 0 2 2 0 0 1 5/11 12:34 0:00 0:00
Ryan Hartman 1 1 2 -1 0 6 1 0 0 0 18/33 21:48 2:15 1:18
Scott Glennie 0 0 0 1 0 0 1 0 0 0 0/0 8:29 0:00 0:00
Slater Koekkoek 0 1 1 3 0 1 1 2 0 0 0/0 20:10 1:38 0:28
3 Stars
1 - Tyler Bertuzzi (Pro)
2 - Julian Melchiori (BRI)
3 - Slater Koekkoek (BRI)
Power Play
Punishers - 1 on 2 Attempt(s) - 50.00%
Sound Tigers - 1 on 3 Attempt(s) - 33.33%
Penalty Kill
Punishers - 2 on 3 Attempt(s) - 66.67%
- Score 0 goal in Penalty Kill
Sound Tigers - 1 on 2 Attempt(s) - 50.00%
- Score 0 goal in Penalty Kill
Team Stat
Punishers - Hits : 23 - Faceoff Wins : 28 - Blocked Shots : 10 - Penalty Minutes : 6
Sound Tigers - Hits : 17 - Faceoff Wins : 40 - Blocked Shots : 9 - Penalty Minutes : 4
Official
Referees : Chris Schlenker and Tim Peel
Linesman : Bryan Pancich and Jesse Marquis
Game Notes
No Game Note
Finance
Level 1 -- Attendance: 1853 (92.65%) -- Ticket Income $64,855
Level 2 -- Attendance: 951 (95.10%) -- Ticket Income $14,265
Total Attendance: 2804 (93.47%)
Total Ticket Income: $79,120
Other Income: $3,956
Total Income: $83,076
Punishers
5 vs 5 Forward
Center Left Wing Right Wing Time % Phy DF OF
1 Radek Faksa Tyler Bertuzzi Carter Ashton 40 1 2 2
2 John Quenneville Chrstian Dvorak Austen Brassard 30 1 2 2
3 Daniel Audette Nikita Gusev Michael Joly 20 1 2 2
4 Nicolas Roy Anton Blidh Alex Schoenborn 10 1 2 2
5 vs 5 Defense
Defense Defense Time % Phy DF OF
1 Ben Betker Artem Zub 40 1 2 2
2 Noah Juulsen Fredrik Claesson 30 1 2 2
3 Connor Clifton Niko Mikkola 20 1 2 2
4 Ben Betker Artem Zub 10 1 2 2
PowerPlay Forward
Center Left Wing Right Wing Time % Phy DF OF
1 Radek Faksa Tyler Bertuzzi Carter Ashton 60 1 2 2
2 John Quenneville Chrstian Dvorak Austen Brassard 40 1 2 2
PowerPlay Defense
Defense Defense Time % Phy DF OF
1 Ben Betker Artem Zub 60 1 2 2
2 Noah Juulsen Fredrik Claesson 40 1 2 2
Penalty Kill 4 Players Forward
Center Wing Time % Phy DF OF
1 Tyler Bertuzzi Radek Faksa 60 1 2 2
2 Carter Ashton Chrstian Dvorak 40 1 2 2
Penalty Kill 4 Players Defense
Defense Defense Time % Phy DF OF
1 Ben Betker Artem Zub 60 1 2 2
2 Noah Juulsen Fredrik Claesson 40 1 2 2
Penalty Kill - 3 Players Forward
Forward Time % Phy DF OF
1 Tyler Bertuzzi 60 1 2 2
2 Radek Faksa 40 1 2 2
Penalty Kill - 3 Players Defense
Defense Defense Time % Phy DF OF
1 Ben Betker Artem Zub 60 1 2 2
2 Noah Juulsen Fredrik Claesson 40 1 2 2
4 vs 4 Forward
Center Wing Time % Phy DF OF
1 Tyler Bertuzzi Radek Faksa 60 1 2 2
2 Carter Ashton Chrstian Dvorak 40 1 2 2
4 vs 4 Defense
Defense Defense Time % Phy DF OF
1 Ben Betker Artem Zub 60 1 2 2
2 Noah Juulsen Fredrik Claesson 40 1 2 2
Last Minutes Offensive
Center Left Wing Right Wing Defense Defense
Radek Faksa Tyler Bertuzzi Carter Ashton Ben Betker Artem Zub
Last Minutes Defensive
Center Left Wing Right Wing Defense Defense
Radek Faksa Tyler Bertuzzi Carter Ashton Ben Betker Artem Zub
Goaltenders
Starting : Louis Domingue
Backup : Daniel Altshuller
Extra Forwards
Normal : Alexander Nylander, Gabriel Gagne, Beck Malenstyn - PP : Alexander Nylander, Gabriel Gagne - PK : Beck Malenstyn
Extra Defensemen
Normal : Connor Clifton, Niko Mikkola, Noah Juulsen - PP : Connor Clifton - PK : Niko Mikkola, Noah Juulsen
Penalty Shots
Tyler Bertuzzi, Radek Faksa, Carter Ashton, Chrstian Dvorak, John Quenneville
Scratches
Corey Tropp (Sprained Left Knee Injury), Zack Hamill (Bruised Left Arm Injury), Connor Ingram (Healthy)
Sound Tigers
5 vs 5 Forward
Center Left Wing Right Wing Time % Phy DF OF
1 Ryan Hartman Alex Tuch Borna Rendulic 40 1 2 2
2 Joe Labate James Sheppard Christian Fischer 30 1 2 2
3 Ryan Bourque Garret Ross James Livingstone 20 1 2 2
4 Pavel Kraskovsky Ben Thomson Scott Glennie 10 1 2 2
5 vs 5 Defense
Defense Defense Time % Phy DF OF
1 Connor Murphy Dylan McIlrath 40 1 2 2
2 Julian Melchiori Slater Koekkoek 30 1 2 2
3 Gabriel Carlsson Alexander Yelesin 20 1 2 2
4 Connor Murphy Dylan McIlrath 10 1 2 2
PowerPlay Forward
Center Left Wing Right Wing Time % Phy DF OF
1 Ryan Hartman Alex Tuch Borna Rendulic 60 1 2 2
2 Joe Labate James Sheppard Christian Fischer 40 1 2 2
PowerPlay Defense
Defense Defense Time % Phy DF OF
1 Connor Murphy Dylan McIlrath 60 1 2 2
2 Julian Melchiori Slater Koekkoek 40 1 2 2
Penalty Kill 4 Players Forward
Center Wing Time % Phy DF OF
1 Ryan Hartman Alex Tuch 60 1 2 2
2 James Sheppard Garret Ross 40 1 2 2
Penalty Kill 4 Players Defense
Defense Defense Time % Phy DF OF
1 Connor Murphy Dylan McIlrath 60 1 2 2
2 Julian Melchiori Slater Koekkoek 40 1 2 2
Penalty Kill - 3 Players Forward
Forward Time % Phy DF OF
1 Ryan Hartman 60 1 2 2
2 Alex Tuch 40 1 2 2
Penalty Kill - 3 Players Defense
Defense Defense Time % Phy DF OF
1 Connor Murphy Dylan McIlrath 60 1 2 2
2 Julian Melchiori Slater Koekkoek 40 1 2 2
4 vs 4 Forward
Center Wing Time % Phy DF OF
1 Ryan Hartman Alex Tuch 60 1 2 2
2 James Sheppard Garret Ross 40 1 2 2
4 vs 4 Defense
Defense Defense Time % Phy DF OF
1 Connor Murphy Dylan McIlrath 60 1 2 2
2 Julian Melchiori Slater Koekkoek 40 1 2 2
Last Minutes Offensive
Center Left Wing Right Wing Defense Defense
Ryan Hartman Alex Tuch Borna Rendulic Connor Murphy Dylan McIlrath
Last Minutes Defensive
Center Left Wing Right Wing Defense Defense
Ryan Hartman Alex Tuch Borna Rendulic Connor Murphy Dylan McIlrath
Goaltenders
Starting : Sean Maguire
Backup : Pavel Francouz
Extra Forwards
Normal : Rhett Gardner, James Livingstone, Ben Thomson - PP : Rhett Gardner, James Livingstone - PK : Ben Thomson
Extra Defensemen
Normal : Gabriel Carlsson, Alexander Yelesin, Julian Melchiori - PP : Gabriel Carlsson - PK : Alexander Yelesin, Julian Melchiori
Penalty Shots
Ryan Hartman, Alex Tuch, James Sheppard, Garret Ross, Borna Rendulic
Scratches
Ben Johnson (Healthy), Blake Speers (Healthy), Brad Ross (Healthy), David Broll (Healthy), Josh Archibald (Healthy)
Tyrell Goulbourne (Healthy), Garret Pilon (Healthy), Brandon Gignac (Healthy), Casey Staum (Healthy), Chris Driedger (Healthy)
% Time on Ice - Punishers
Lines # - Real PCT - Wanted PCT - Time Play
Normal Forward
1 - 36% - 40% - 19:06
2 - 30% - 30% - 15:52
3 - 21% - 20% - 11:20
4 - 14% - 10% - 7:29
Normal Defense
1 - 39% - 40% - 20:56
2 - 33% - 30% - 17:39
3 - 22% - 20% - 12:01
4 - 6% - 10% - 3:11
PP Forward
1 - 51% - 60% - 1:07
2 - 49% - 40% - 1:05
PP Defense
1 - 67% - 60% - 1:28
2 - 33% - 40% - 0:44
PK Forward
1 - 73% - 60% - 2:57
2 - 27% - 40% - 1:04
PK Defense
1 - 65% - 60% - 2:36
2 - 35% - 40% - 1:25
PK3 Forward
1 - 0% - 60%
2 - 0% - 40%
PK3 Defense
1 - 0% - 60%
2 - 0% - 40%
44 Forward
1 - 0% - 60%
2 - 0% - 40%
44 Defense
1 - 0% - 60%
2 - 0% - 40%
Last Minute Offensive - 0:00
Last Minute Defensive - 0:00
Total
Forward - 60:00
Defense - 60:00
|
% Time on Ice - Sound Tigers
Lines # - Real PCT - Wanted PCT - Time Play
Normal Forward
1 - 35% - 40% - 18:50
2 - 26% - 30% - 13:54
3 - 23% - 20% - 12:34
4 - 16% - 10% - 8:29
Normal Defense
1 - 38% - 40% - 20:28
2 - 34% - 30% - 18:04
3 - 24% - 20% - 12:50
4 - 4% - 10% - 2:25
PP Forward
1 - 56% - 60% - 2:15
2 - 44% - 40% - 1:46
PP Defense
1 - 59% - 60% - 2:23
2 - 41% - 40% - 1:38
PK Forward
1 - 89% - 60% - 1:57
2 - 11% - 40% - 0:15
PK Defense
1 - 79% - 60% - 1:44
2 - 21% - 40% - 0:28
PK3 Forward
1 - 0% - 60%
2 - 0% - 40%
PK3 Defense
1 - 0% - 60%
2 - 0% - 40%
44 Forward
1 - 0% - 60%
2 - 0% - 40%
44 Defense
1 - 0% - 60%
2 - 0% - 40%
Last Minute Offensive - 0:00
Last Minute Defensive - 0:00
Total
Forward - 60:00
Defense - 60:00
|
Play-by-Play
1st period
0:01 of 1st period - Borna Rendulic wins face-off versus Radek Faksa in neutral zone.
0:05 of 1st period - Snap shot by Borna Rendulic.
0:05 of 1st period - Deflect By Alex Tuch.
0:05 of 1st period - Stopped by Louis Domingue without a rebound.
0:06 of 1st period - Ryan Hartman wins face-off versus Radek Faksa in Punishers zone.
0:07 of 1st period - Snap shot by Alex Tuch.
0:07 of 1st period - Stopped by Louis Domingue with a rebound.
0:09 of 1st period - Slapshot by Connor Murphy.
0:09 of 1st period - Stopped by Louis Domingue without a rebound.
0:10 of 1st period - Ryan Hartman wins face-off versus Carter Ashton in Punishers zone.
0:33 of 1st period - Wrist shot by Ryan Hartman.
0:33 of 1st period - Stopped by Louis Domingue with a rebound.
0:35 of 1st period - Slapshot by Connor Murphy.
0:35 of 1st period - Shot Misses the Net.
0:37 of 1st period - Slapshot by Dylan McIlrath.
0:37 of 1st period - Shot Misses the Net.
0:39 of 1st period - Snap shot by Dylan McIlrath.
0:39 of 1st period - Stopped by Louis Domingue with a rebound.
0:55 of 1st period - Slapshot by Borna Rendulic.
0:55 of 1st period - Shot Misses the Net.
0:57 of 1st period - Snap shot by Borna Rendulic.
0:57 of 1st period - Shot Misses the Net.
0:59 of 1st period - Snap shot by Connor Murphy.
0:59 of 1st period - Shot Blocked by Ben Betker.
1:01 of 1st period - Wrist shot by Alex Tuch.
1:01 of 1st period - Shot Misses the Net.
1:03 of 1st period - Slapshot by Dylan McIlrath.
1:03 of 1st period - Stopped by Louis Domingue without a rebound.
1:04 of 1st period - Joe Labate wins face-off versus John Quenneville in Punishers zone.
1:07 of 1st period - Wrist shot by James Sheppard.
1:07 of 1st period - Stopped by Louis Domingue with a rebound.
1:13 of 1st period - Slapshot by Joe Labate.
1:13 of 1st period - Shot Misses the Net.
1:31 of 1st period - Wrist shot by Anton Blidh.
1:31 of 1st period - Shot Blocked by Slater Koekkoek.
1:33 of 1st period - Snap shot by Anton Blidh.
1:33 of 1st period - Shot Blocked by Julian Melchiori.
2:44 of 1st period - Ryan Hartman is hit by Tyler Bertuzzi and loses puck.
2:49 of 1st period - Snap shot by Radek Faksa.
2:49 of 1st period - Shot Misses the Net.
2:51 of 1st period - Wrist shot by Carter Ashton.
2:51 of 1st period - Goal by Carter Ashton - Punishers : 1 - Sound Tigers : 0.
2:52 of 1st period - Ryan Bourque wins face-off versus Daniel Audette in neutral zone.
2:57 of 1st period - Fredrik Claesson is hit by Alexander Yelesin and loses puck.
3:18 of 1st period - Fredrik Claesson is hit by James Sheppard and loses puck.
3:48 of 1st period - Snap shot by Alex Tuch.
3:48 of 1st period - Shot Misses the Net.
4:20 of 1st period - Slapshot by Connor Murphy.
4:20 of 1st period - Deflect By Niko Mikkola.
4:20 of 1st period - Stopped by Louis Domingue with a rebound.
4:24 of 1st period - Slapshot by Connor Murphy.
4:24 of 1st period - Deflect By James Livingstone.
4:24 of 1st period - Shot Misses the Net.
4:24 of 1st period - Puck is out of play.
4:25 of 1st period - James Livingstone wins face-off versus John Quenneville in Punishers zone.
4:36 of 1st period - Wrist shot by Garret Ross.
4:36 of 1st period - Stopped by Louis Domingue with a rebound.
5:08 of 1st period - Off-side.
5:09 of 1st period - Ryan Hartman wins face-off versus Daniel Audette in neutral zone.
5:34 of 1st period - Connor Clifton is hit by Christian Fischer and loses puck.
6:00 of 1st period - Garret Ross is hit by Austen Brassard and loses puck.
6:06 of 1st period - Icing by Alexander Yelesin.
6:07 of 1st period - Radek Faksa wins face-off versus Ryan Bourque in Sound Tigers zone.
6:10 of 1st period - Slapshot by Radek Faksa.
6:10 of 1st period - Stopped by Sean Maguire with a rebound.
6:30 of 1st period - Wrist shot by Garret Ross.
6:30 of 1st period - Deflect By James Livingstone.
6:30 of 1st period - Shot Misses the Net.
6:30 of 1st period - Puck is out of play.
6:31 of 1st period - Chrstian Dvorak wins face-off versus Alex Tuch in Punishers zone.
6:39 of 1st period - Off-side.
6:40 of 1st period - John Quenneville wins face-off versus Ryan Hartman in neutral zone.
6:55 of 1st period - Snap shot by Ryan Hartman.
6:55 of 1st period - Stopped by Louis Domingue with a rebound.
6:57 of 1st period - Wrist shot by Connor Murphy.
6:57 of 1st period - Shot Blocked by Ben Betker.
6:59 of 1st period - Backhand shot by Borna Rendulic.
6:59 of 1st period - Stopped by Louis Domingue with a rebound.
7:04 of 1st period - Minor Penalty to John Quenneville for Slashing.
7:05 of 1st period - Ryan Hartman wins face-off versus Tyler Bertuzzi in Punishers zone.
7:05 of 1st period - Backhand shot by Alex Tuch.
7:05 of 1st period - Shot Blocked by Tyler Bertuzzi.
7:07 of 1st period - Snap shot by Borna Rendulic.
7:07 of 1st period - Goal by Borna Rendulic - Punishers : 1 - Sound Tigers : 1.
7:08 of 1st period - Radek Faksa wins face-off versus Joe Labate in neutral zone.
7:13 of 1st period - Slapshot by Carter Ashton.
7:13 of 1st period - Shot Blocked by Dylan McIlrath.
7:15 of 1st period - Slapshot by Connor Clifton.
7:15 of 1st period - Deflect By Connor Murphy.
7:15 of 1st period - Stopped by Sean Maguire with a rebound.
7:17 of 1st period - Snap shot by Tyler Bertuzzi.
7:17 of 1st period - Stopped by Sean Maguire with a rebound.
7:21 of 1st period - Wrist shot by Tyler Bertuzzi.
7:21 of 1st period - Stopped by Sean Maguire with a rebound.
7:23 of 1st period - Slapshot by Niko Mikkola.
7:23 of 1st period - Shot Misses the Net.
7:56 of 1st period - Wrist shot by John Quenneville.
7:56 of 1st period - Stopped by Sean Maguire without a rebound.
7:57 of 1st period - Pavel Kraskovsky wins face-off versus Radek Faksa in Sound Tigers zone.
7:57 of 1st period - Pavel Kraskovsky is hit by Tyler Bertuzzi.
8:03 of 1st period - Snap shot by Connor Murphy.
8:03 of 1st period - Deflect By Carter Ashton.
8:03 of 1st period - Stopped by Louis Domingue with a rebound.
8:11 of 1st period - Radek Faksa is hit by Scott Glennie and loses puck.
9:09 of 1st period - Off-side.
9:10 of 1st period - Borna Rendulic wins face-off versus Radek Faksa in neutral zone.
9:13 of 1st period - Backhand shot by Ryan Hartman.
9:13 of 1st period - Shot Misses the Net.
9:23 of 1st period - Slapshot by Tyler Bertuzzi.
9:23 of 1st period - Goal by Tyler Bertuzzi - Punishers : 2 - Sound Tigers : 1.
9:24 of 1st period - Radek Faksa wins face-off versus Ryan Hartman in neutral zone.
9:37 of 1st period - Snap shot by Carter Ashton.
9:37 of 1st period - Stopped by Sean Maguire with a rebound.
9:39 of 1st period - Wrist shot by Tyler Bertuzzi.
9:39 of 1st period - Shot Misses the Net.
9:46 of 1st period - Icing by Dylan McIlrath.
9:47 of 1st period - Joe Labate wins face-off versus Nicolas Roy in Sound Tigers zone.
10:35 of 1st period - Wrist shot by Carter Ashton.
10:35 of 1st period - Shot Misses the Net.
10:48 of 1st period - Icing by Ben Betker.
10:49 of 1st period - Carter Ashton wins face-off versus Pavel Kraskovsky in Punishers zone.
10:55 of 1st period - Gabriel Carlsson is hit by Michael Joly and loses puck.
11:31 of 1st period - Icing by Alexander Yelesin.
11:32 of 1st period - Ryan Hartman wins face-off versus Radek Faksa in Sound Tigers zone.
12:21 of 1st period - Wrist shot by James Livingstone.
12:21 of 1st period - Stopped by Louis Domingue with a rebound.
12:38 of 1st period - Icing by Connor Clifton.
12:39 of 1st period - Pavel Kraskovsky wins face-off versus Nicolas Roy in Punishers zone.
13:12 of 1st period - Slapshot by Ryan Hartman.
13:12 of 1st period - Stopped by Louis Domingue with a rebound.
13:51 of 1st period - Icing by Slater Koekkoek.
13:52 of 1st period - Radek Faksa wins face-off versus Ryan Bourque in Sound Tigers zone.
13:53 of 1st period - Snap shot by Carter Ashton.
13:53 of 1st period - Stopped by Sean Maguire with a rebound.
14:18 of 1st period - Snap shot by Garret Ross.
14:18 of 1st period - Stopped by Louis Domingue with a rebound.
14:20 of 1st period - Wrist shot by Ryan Bourque.
14:20 of 1st period - Shot Hit the Post.
14:37 of 1st period - Slapshot by Julian Melchiori.
14:37 of 1st period - Stopped by Louis Domingue with a rebound.
14:41 of 1st period - Snap shot by Garret Ross.
14:41 of 1st period - Deflect By Carter Ashton.
14:41 of 1st period - Stopped by Louis Domingue without a rebound.
14:42 of 1st period - Ryan Hartman wins face-off versus Daniel Audette in Punishers zone.
14:43 of 1st period - Wrist shot by Borna Rendulic.
14:43 of 1st period - Shot Blocked by Michael Joly.
14:50 of 1st period - Minor Penalty to Fredrik Claesson for Hooking.
14:51 of 1st period - Alex Tuch wins face-off versus Tyler Bertuzzi in Punishers zone.
16:12 of 1st period - Icing by Julian Melchiori.
16:13 of 1st period - Carter Ashton wins face-off versus Ryan Hartman in Sound Tigers zone.
16:50 of 1st period - Penalty to Fredrik Claesson is over, Fredrik Claesson is back on ice.
17:43 of 1st period - Snap shot by Alex Schoenborn.
17:43 of 1st period - Shot Misses the Net.
18:00 of 1st period - Snap shot by John Quenneville.
18:00 of 1st period - Stopped by Sean Maguire with a rebound.
18:18 of 1st period - Garret Ross is hit by Tyler Bertuzzi and loses puck.
19:18 of 1st period - Alex Tuch is hit by Austen Brassard and loses puck.
19:52 of 1st period - Slapshot by John Quenneville.
19:52 of 1st period - Deflect By Chrstian Dvorak.
19:52 of 1st period - Shot Misses the Net.
19:52 of 1st period - Puck is out of play.
19:53 of 1st period - Radek Faksa wins face-off versus Joe Labate in Sound Tigers zone.
Goals for this period are 2 for Punishers vs 1 for Sound Tigers.
Shots for this period are 10 for Punishers vs 18 for Sound Tigers.
2nd period
0:01 of 2nd period - Radek Faksa wins face-off versus Ryan Hartman in neutral zone.
0:16 of 2nd period - Wrist shot by Tyler Bertuzzi.
0:16 of 2nd period - Shot Misses the Net.
0:28 of 2nd period - Wrist shot by Nikita Gusev.
0:28 of 2nd period - Shot Misses the Net.
0:30 of 2nd period - Snap shot by Daniel Audette.
0:30 of 2nd period - Deflect By Nikita Gusev.
0:30 of 2nd period - Shot Misses the Net.
0:30 of 2nd period - Puck is out of play.
0:31 of 2nd period - Christian Fischer wins face-off versus Daniel Audette in Sound Tigers zone.
0:48 of 2nd period - Snap shot by Christian Fischer.
0:48 of 2nd period - Shot Misses the Net.
1:03 of 2nd period - Wrist shot by Nikita Gusev.
1:03 of 2nd period - Shot Blocked by Dylan McIlrath.
1:05 of 2nd period - Slapshot by Nikita Gusev.
1:05 of 2nd period - Stopped by Sean Maguire without a rebound.
1:06 of 2nd period - Radek Faksa wins face-off versus Ryan Hartman in Sound Tigers zone.
1:07 of 2nd period - Wrist shot by Carter Ashton.
1:07 of 2nd period - Shot Misses the Net.
1:33 of 2nd period - Dylan McIlrath is hit by Chrstian Dvorak.
2:58 of 2nd period - Slapshot by Artem Zub.
2:58 of 2nd period - Stopped by Sean Maguire without a rebound.
2:59 of 2nd period - Radek Faksa wins face-off versus Ryan Bourque in Sound Tigers zone.
3:06 of 2nd period - Slapshot by Radek Faksa.
3:06 of 2nd period - Stopped by Sean Maguire with a rebound.
3:08 of 2nd period - Slapshot by Radek Faksa.
3:08 of 2nd period - Stopped by Sean Maguire with a rebound.
3:10 of 2nd period - Snap shot by Radek Faksa.
3:10 of 2nd period - Shot Misses the Net.
3:12 of 2nd period - Snap shot by Radek Faksa.
3:12 of 2nd period - Stopped by Sean Maguire without a rebound.
3:13 of 2nd period - Alex Tuch wins face-off versus Radek Faksa in Sound Tigers zone.
3:34 of 2nd period - Minor Penalty to Borna Rendulic for Hooking.
3:35 of 2nd period - Radek Faksa wins face-off versus Ryan Hartman in Sound Tigers zone.
3:47 of 2nd period - Snap shot by Tyler Bertuzzi.
3:47 of 2nd period - Goal by Tyler Bertuzzi - Punishers : 3 - Sound Tigers : 1.
3:48 of 2nd period - Borna Rendulic wins face-off versus Radek Faksa in neutral zone.
4:22 of 2nd period - Wrist shot by James Sheppard.
4:22 of 2nd period - Shot Misses the Net.
4:24 of 2nd period - Slapshot by Joe Labate.
4:24 of 2nd period - Shot Misses the Net.
4:36 of 2nd period - Daniel Audette is hit by Ryan Bourque and loses puck.
4:44 of 2nd period - Backhand shot by Julian Melchiori.
4:44 of 2nd period - Stopped by Louis Domingue with a rebound.
4:56 of 2nd period - Slater Koekkoek is hit by Fredrik Claesson.
5:41 of 2nd period - Slapshot by John Quenneville.
5:41 of 2nd period - Stopped by Sean Maguire with a rebound.
5:50 of 2nd period - Icing by Austen Brassard.
5:51 of 2nd period - John Quenneville wins face-off versus Ryan Bourque in Punishers zone.
5:59 of 2nd period - Wrist shot by Tyler Bertuzzi.
5:59 of 2nd period - Stopped by Sean Maguire with a rebound.
6:01 of 2nd period - Slapshot by Fredrik Claesson.
6:01 of 2nd period - Shot Misses the Net.
6:03 of 2nd period - Slapshot by Tyler Bertuzzi.
6:03 of 2nd period - Deflect By Radek Faksa.
6:03 of 2nd period - Shot Misses the Net.
6:03 of 2nd period - Puck is out of play.
6:04 of 2nd period - Ryan Hartman wins face-off versus Radek Faksa in Sound Tigers zone.
6:15 of 2nd period - Snap shot by Ryan Hartman.
6:15 of 2nd period - Shot Blocked by Radek Faksa.
6:59 of 2nd period - Snap shot by Ryan Bourque.
6:59 of 2nd period - Stopped by Louis Domingue without a rebound.
7:00 of 2nd period - Ryan Hartman wins face-off versus Radek Faksa in Punishers zone.
7:34 of 2nd period - Wrist shot by Joe Labate.
7:34 of 2nd period - Shot Misses the Net.
7:52 of 2nd period - Ryan Bourque is hit by John Quenneville and loses puck.
7:59 of 2nd period - Wrist shot by James Livingstone.
7:59 of 2nd period - Stopped by Louis Domingue with a rebound.
8:10 of 2nd period - Off-side.
8:11 of 2nd period - Pavel Kraskovsky wins face-off versus Nicolas Roy in neutral zone.
8:24 of 2nd period - Snap shot by Pavel Kraskovsky.
8:24 of 2nd period - Deflect By Scott Glennie.
8:24 of 2nd period - Shot Misses the Net.
8:24 of 2nd period - Puck is out of play.
8:25 of 2nd period - Ryan Hartman wins face-off versus Radek Faksa in Punishers zone.
8:26 of 2nd period - Snap shot by Borna Rendulic.
8:26 of 2nd period - Stopped by Louis Domingue with a rebound.
8:57 of 2nd period - Slapshot by Slater Koekkoek.
8:57 of 2nd period - Shot Hit the Post.
8:59 of 2nd period - Snap shot by Alex Tuch.
8:59 of 2nd period - Deflect By Ryan Hartman.
8:59 of 2nd period - Stopped by Louis Domingue without a rebound.
9:00 of 2nd period - Joe Labate wins face-off versus Radek Faksa in Punishers zone.
9:11 of 2nd period - Slapshot by Tyler Bertuzzi.
9:11 of 2nd period - Stopped by Sean Maguire with a rebound.
9:15 of 2nd period - Snap shot by Tyler Bertuzzi.
9:15 of 2nd period - Stopped by Sean Maguire without a rebound.
9:16 of 2nd period - John Quenneville wins face-off versus Ryan Hartman in Sound Tigers zone.
9:26 of 2nd period - Wrist shot by Austen Brassard.
9:26 of 2nd period - Stopped by Sean Maguire without a rebound.
9:27 of 2nd period - Ryan Hartman wins face-off versus Radek Faksa in Sound Tigers zone.
10:26 of 2nd period - Wrist shot by James Livingstone.
10:26 of 2nd period - Stopped by Louis Domingue with a rebound.
10:40 of 2nd period - Icing by Julian Melchiori.
10:41 of 2nd period - Pavel Kraskovsky wins face-off versus Nicolas Roy in Sound Tigers zone.
10:46 of 2nd period - Snap shot by Slater Koekkoek.
10:46 of 2nd period - Deflect By Connor Clifton.
10:46 of 2nd period - Stopped by Louis Domingue with a rebound.
11:40 of 2nd period - Snap shot by Chrstian Dvorak.
11:40 of 2nd period - Shot Misses the Net.
11:54 of 2nd period - Slapshot by Ben Thomson.
11:54 of 2nd period - Shot Misses the Net.
11:56 of 2nd period - Slapshot by Slater Koekkoek.
11:56 of 2nd period - Deflect By Ben Thomson.
11:56 of 2nd period - Shot Misses the Net.
11:56 of 2nd period - Puck is out of play.
11:57 of 2nd period - Radek Faksa wins face-off versus Ryan Hartman in Punishers zone.
12:10 of 2nd period - Wrist shot by Alex Tuch.
12:10 of 2nd period - Stopped by Louis Domingue without a rebound.
12:11 of 2nd period - Radek Faksa wins face-off versus Ryan Hartman in Punishers zone.
12:26 of 2nd period - Wrist shot by Radek Faksa.
12:26 of 2nd period - Shot Misses the Net.
12:36 of 2nd period - Daniel Audette is hit by Joe Labate.
13:35 of 2nd period - Icing by Alexander Yelesin.
13:36 of 2nd period - Radek Faksa wins face-off versus Joe Labate in Sound Tigers zone.
13:37 of 2nd period - Wrist shot by Carter Ashton.
13:37 of 2nd period - Shot Blocked by Gabriel Carlsson.
13:39 of 2nd period - Wrist shot by Radek Faksa.
13:39 of 2nd period - Deflect By Carter Ashton.
13:39 of 2nd period - Stopped by Sean Maguire with a rebound.
14:21 of 2nd period - Wrist shot by Carter Ashton.
14:21 of 2nd period - Stopped by Sean Maguire with a rebound.
14:23 of 2nd period - Wrist shot by Radek Faksa.
14:23 of 2nd period - Shot Misses the Net.
14:25 of 2nd period - Slapshot by Ben Betker.
14:25 of 2nd period - Shot Blocked by James Sheppard.
14:27 of 2nd period - Slapshot by Artem Zub.
14:27 of 2nd period - Shot Blocked by James Sheppard.
14:29 of 2nd period - Snap shot by Ben Betker.
14:29 of 2nd period - Stopped by Sean Maguire without a rebound.
14:30 of 2nd period - Ryan Hartman wins face-off versus John Quenneville in Sound Tigers zone.
14:30 of 2nd period - Ryan Hartman is hit by Fredrik Claesson.
14:37 of 2nd period - Connor Murphy is hit by John Quenneville and loses puck.
15:04 of 2nd period - Snap shot by Garret Ross.
15:04 of 2nd period - Deflect By James Livingstone.
15:04 of 2nd period - Stopped by Louis Domingue without a rebound.
15:05 of 2nd period - Daniel Audette wins face-off versus Ryan Bourque in Punishers zone.
17:18 of 2nd period - Ben Thomson is hit by Radek Faksa and loses puck.
17:27 of 2nd period - Slapshot by Carter Ashton.
17:27 of 2nd period - Stopped by Sean Maguire with a rebound.
18:44 of 2nd period - Artem Zub is hit by Slater Koekkoek.
19:19 of 2nd period - Nikita Gusev is hit by Ben Thomson and loses puck.
19:26 of 2nd period - Slapshot by Connor Murphy.
19:26 of 2nd period - Deflect By Nikita Gusev.
19:26 of 2nd period - Stopped by Louis Domingue with a rebound.
19:46 of 2nd period - Chrstian Dvorak is hit by Borna Rendulic and loses puck.
19:53 of 2nd period - Slater Koekkoek is hit by Austen Brassard and loses puck.
Goals for this period are 1 for Punishers vs 0 for Sound Tigers.
Shots for this period are 15 for Punishers vs 10 for Sound Tigers.
3rd period
0:01 of 3rd period - Ryan Hartman wins face-off versus Radek Faksa in neutral zone.
0:30 of 3rd period - Snap shot by John Quenneville.
0:30 of 3rd period - Shot Misses the Net.
0:32 of 3rd period - Snap shot by Artem Zub.
0:32 of 3rd period - Stopped by Sean Maguire without a rebound.
0:33 of 3rd period - Ryan Hartman wins face-off versus John Quenneville in Sound Tigers zone.
0:38 of 3rd period - Snap shot by Borna Rendulic.
0:38 of 3rd period - Stopped by Louis Domingue with a rebound.
0:40 of 3rd period - Slapshot by Borna Rendulic.
0:40 of 3rd period - Shot Blocked by Chrstian Dvorak.
1:21 of 3rd period - Ryan Bourque is hit by Artem Zub and loses puck.
1:26 of 3rd period - Snap shot by Michael Joly.
1:26 of 3rd period - Shot Misses the Net.
1:39 of 3rd period - Icing by James Livingstone.
1:40 of 3rd period - Nicolas Roy wins face-off versus Pavel Kraskovsky in Sound Tigers zone.
1:41 of 3rd period - Wrist shot by Anton Blidh.
1:41 of 3rd period - Shot Misses the Net.
2:11 of 3rd period - Slapshot by Borna Rendulic.
2:11 of 3rd period - Shot Misses the Net.
2:13 of 3rd period - Slapshot by Borna Rendulic.
2:13 of 3rd period - Shot Misses the Net.
2:15 of 3rd period - Slapshot by Dylan McIlrath.
2:15 of 3rd period - Shot Misses the Net.
2:17 of 3rd period - Snap shot by Borna Rendulic.
2:17 of 3rd period - Stopped by Louis Domingue without a rebound.
2:18 of 3rd period - John Quenneville wins face-off versus Joe Labate in Punishers zone.
2:18 of 3rd period - John Quenneville is hit by Joe Labate.
2:26 of 3rd period - Wrist shot by James Sheppard.
2:26 of 3rd period - Goal by James Sheppard - Punishers : 3 - Sound Tigers : 2.
2:27 of 3rd period - Ryan Hartman wins face-off versus Radek Faksa in neutral zone.
2:33 of 3rd period - Icing by Carter Ashton.
2:34 of 3rd period - Radek Faksa wins face-off versus Ryan Hartman in Punishers zone.
2:46 of 3rd period - Minor Penalty to Carter Ashton for Holding.
2:47 of 3rd period - Borna Rendulic wins face-off versus Radek Faksa in Punishers zone.
3:17 of 3rd period - Snap shot by Joe Labate.
3:17 of 3rd period - Stopped by Louis Domingue without a rebound.
3:18 of 3rd period - Joe Labate wins face-off versus Tyler Bertuzzi in Punishers zone.
3:21 of 3rd period - Slapshot by Joe Labate.
3:21 of 3rd period - Stopped by Louis Domingue without a rebound.
3:22 of 3rd period - Tyler Bertuzzi wins face-off versus Ryan Hartman in Punishers zone.
4:46 of 3rd period - Penalty to Carter Ashton is over, Carter Ashton is back on ice.
4:47 of 3rd period - Daniel Audette is hit by Connor Murphy and loses puck.
5:04 of 3rd period - Snap shot by Garret Ross.
5:04 of 3rd period - Stopped by Louis Domingue without a rebound.
5:05 of 3rd period - Ryan Bourque wins face-off versus John Quenneville in Punishers zone.
5:16 of 3rd period - Wrist shot by James Livingstone.
5:16 of 3rd period - Stopped by Louis Domingue with a rebound.
5:18 of 3rd period - Slapshot by Julian Melchiori.
5:18 of 3rd period - Goal by Julian Melchiori - Punishers : 3 - Sound Tigers : 3.
5:19 of 3rd period - Radek Faksa wins face-off versus Ryan Hartman in neutral zone.
5:32 of 3rd period - Snap shot by Radek Faksa.
5:32 of 3rd period - Shot Misses the Net.
5:44 of 3rd period - Chrstian Dvorak is hit by Dylan McIlrath and loses puck.
6:05 of 3rd period - Wrist shot by James Sheppard.
6:05 of 3rd period - Shot Blocked by Fredrik Claesson.
6:07 of 3rd period - Wrist shot by Garret Ross.
6:07 of 3rd period - Stopped by Louis Domingue with a rebound.
6:09 of 3rd period - Snap shot by Ryan Bourque.
6:09 of 3rd period - Shot Misses the Net.
6:11 of 3rd period - Wrist shot by Garret Ross.
6:11 of 3rd period - Shot Misses the Net.
6:13 of 3rd period - Wrist shot by Ryan Bourque.
6:13 of 3rd period - Stopped by Louis Domingue without a rebound.
6:14 of 3rd period - Radek Faksa wins face-off versus Ryan Hartman in Punishers zone.
6:14 of 3rd period - Radek Faksa is hit by Alex Tuch.
6:20 of 3rd period - Wrist shot by Carter Ashton.
6:20 of 3rd period - Stopped by Sean Maguire without a rebound.
6:21 of 3rd period - Ryan Hartman wins face-off versus Radek Faksa in Sound Tigers zone.
6:37 of 3rd period - Alex Tuch is hit by Artem Zub and loses puck.
6:48 of 3rd period - Snap shot by Radek Faksa.
6:48 of 3rd period - Stopped by Sean Maguire with a rebound.
6:50 of 3rd period - Wrist shot by Tyler Bertuzzi.
6:50 of 3rd period - Stopped by Sean Maguire with a rebound.
6:52 of 3rd period - Slapshot by Ben Betker.
6:52 of 3rd period - Stopped by Sean Maguire with a rebound.
7:02 of 3rd period - Snap shot by Radek Faksa.
7:02 of 3rd period - Shot Blocked by Slater Koekkoek.
7:04 of 3rd period - Wrist shot by Tyler Bertuzzi.
7:04 of 3rd period - Shot Misses the Net.
7:06 of 3rd period - Wrist shot by Ben Betker.
7:06 of 3rd period - Stopped by Sean Maguire without a rebound.
7:07 of 3rd period - Joe Labate wins face-off versus John Quenneville in Sound Tigers zone.
7:07 of 3rd period - Joe Labate is hit by Fredrik Claesson.
7:10 of 3rd period - Minor Penalty to Dylan McIlrath for Holding.
7:11 of 3rd period - Ryan Hartman wins face-off versus John Quenneville in Sound Tigers zone.
7:19 of 3rd period - Snap shot by Chrstian Dvorak.
7:19 of 3rd period - Shot Misses the Net.
7:21 of 3rd period - Slapshot by Ben Betker.
7:21 of 3rd period - Deflect By Connor Murphy.
7:21 of 3rd period - Stopped by Sean Maguire with a rebound.
7:23 of 3rd period - Slapshot by Ben Betker.
7:23 of 3rd period - Shot Misses the Net.
7:25 of 3rd period - Snap shot by Chrstian Dvorak.
7:25 of 3rd period - Stopped by Sean Maguire without a rebound.
7:26 of 3rd period - Ryan Hartman wins face-off versus Radek Faksa in Sound Tigers zone.
7:39 of 3rd period - Alexander Yelesin is hit by Carter Ashton and loses puck.
8:04 of 3rd period - Wrist shot by Austen Brassard.
8:04 of 3rd period - Shot Misses the Net.
8:14 of 3rd period - Carter Ashton is hit by Ryan Hartman.
8:30 of 3rd period - Wrist shot by Ben Thomson.
8:30 of 3rd period - Shot Misses the Net.
9:08 of 3rd period - Joe Labate is hit by Radek Faksa and loses puck.
9:10 of 3rd period - Penalty to Dylan McIlrath is over, Dylan McIlrath is back on ice.
9:24 of 3rd period - Off-side.
9:25 of 3rd period - Ryan Bourque wins face-off versus Daniel Audette in neutral zone.
10:11 of 3rd period - Slater Koekkoek is hit by Tyler Bertuzzi and loses puck.
10:20 of 3rd period - Wrist shot by Ryan Hartman.
10:20 of 3rd period - Stopped by Louis Domingue without a rebound.
10:21 of 3rd period - Ryan Bourque wins face-off versus John Quenneville in Punishers zone.
10:28 of 3rd period - John Quenneville is hit by Ryan Bourque and loses puck.
11:17 of 3rd period - Wrist shot by Pavel Kraskovsky.
11:17 of 3rd period - Goal by Pavel Kraskovsky - Punishers : 3 - Sound Tigers : 4.
11:18 of 3rd period - Ryan Hartman wins face-off versus John Quenneville in neutral zone.
12:50 of 3rd period - Slapshot by Ryan Hartman.
12:50 of 3rd period - Goal by Ryan Hartman - Punishers : 3 - Sound Tigers : 5.
12:51 of 3rd period - Radek Faksa wins face-off versus Ryan Hartman in neutral zone.
13:18 of 3rd period - Christian Fischer is hit by Ben Betker and loses puck.
14:07 of 3rd period - Snap shot by Garret Ross.
14:07 of 3rd period - Shot Misses the Net.
14:27 of 3rd period - Snap shot by Radek Faksa.
14:27 of 3rd period - Shot Blocked by Borna Rendulic.
15:01 of 3rd period - Niko Mikkola is hit by Connor Murphy and loses puck.
15:20 of 3rd period - Ryan Bourque is hit by Alex Schoenborn and loses puck.
15:39 of 3rd period - Fredrik Claesson is hit by Borna Rendulic and loses puck.
16:00 of 3rd period - Connor Murphy is hit by Austen Brassard and loses puck.
16:05 of 3rd period - Wrist shot by John Quenneville.
16:05 of 3rd period - Deflect By Chrstian Dvorak.
16:05 of 3rd period - Shot Misses the Net.
16:05 of 3rd period - Puck is out of play.
16:06 of 3rd period - Ryan Bourque wins face-off versus John Quenneville in Sound Tigers zone.
16:21 of 3rd period - Snap shot by Garret Ross.
16:21 of 3rd period - Shot Misses the Net.
17:15 of 3rd period - Slapshot by Connor Murphy.
17:15 of 3rd period - Shot Blocked by Fredrik Claesson.
17:31 of 3rd period - Connor Murphy is hit by Artem Zub and loses puck.
17:52 of 3rd period - Snap shot by Borna Rendulic.
17:52 of 3rd period - Shot Blocked by Daniel Audette.
17:54 of 3rd period - Slapshot by Julian Melchiori.
17:54 of 3rd period - Shot Blocked by Michael Joly.
17:56 of 3rd period - Wrist shot by Alex Tuch.
17:56 of 3rd period - Shot Misses the Net.
17:58 of 3rd period - Snap shot by Ryan Hartman.
17:58 of 3rd period - Shot Misses the Net.
18:00 of 3rd period - Snap shot by Alex Tuch.
18:00 of 3rd period - Shot Misses the Net.
18:18 of 3rd period - Slapshot by Tyler Bertuzzi.
18:18 of 3rd period - Stopped by Sean Maguire without a rebound.
18:19 of 3rd period - John Quenneville wins face-off versus Ryan Bourque in Sound Tigers zone.
19:04 of 3rd period - Slapshot by Connor Murphy.
19:04 of 3rd period - Stopped by Louis Domingue without a rebound.
19:05 of 3rd period - Daniel Audette wins face-off versus Ryan Hartman in Punishers zone.
19:42 of 3rd period - Wrist shot by Austen Brassard.
19:42 of 3rd period - Shot Misses the Net.
Goals for this period are 0 for Punishers vs 4 for Sound Tigers.
Shots for this period are 9 for Punishers vs 14 for Sound Tigers.